 Dungeon Crawl Stone Soup version 0.28.0-45-g0d030f2227 (webtiles) character file.

Game seed: 9185316271366012038

3830 issech the Basher (level 9, -1/80 HPs)
             Began as a Troll Monk on Apr 19, 2022.
             Was an Elder of Hepliaklqana.
             Slain by a slime creature (11 damage)
             ... on level 7 of the Dungeon.
             The game lasted 00:27:20 (7582 turns).

issech the Basher (Troll Monk)                      Turns: 7582, Time: 00:27:21

Health: -1/80      AC: 11    Str: 21    XL:     9   Next: 97%
Magic:  8/8        EV: 16    Int:  6    God:    Hepliaklqana [****..]
Gold:   619        SH:  0    Dex: 16    Spells: 8/8 levels left

rFire   . . .      SeeInvis .   C - +5 flail (protect)
rCold   . . .      Faith    .   (no shield)
rNeg    . . .      Spirit   .   b - +0 robe
rPois   +          Reflect  .   (helmet restricted)
rElec   .          Harm     .   (no cloak)
rCorr   .          Rampage  .   (gloves unavailable)
Will    .....                   (boots unavailable)
Stlth   +++.......              (no amulet)
HPRegen 1.03/turn               j - ring of poison resistance
MPRegen 0.11/turn               N - +4 ring of evasion

@: under a protective aura
A: reduced essence, large, unfitting armour, claws 3, regeneration 1, shaggy fur
1, tough skin 1
a: Renounce Religion, Recall Ancestor, Ancestor Identity, Transference, Idealise


You were on level 7 of the Dungeon.
You worshipped Hepliaklqana.
Hepliaklqana was greatly pleased with you.
You visited 2 branches of the dungeon, and saw 8 of its levels.
You also visited: Ossuary.

You collected 619 gold pieces.

Inventory:

Hand Weapons
 s - a +1 flail of venom
 C - a +5 flail of protection (weapon)
 E - a +0 giant club
 G - a +6 flail of holy wrath
 L - a +0 whip of venom
Missiles
 d - 172 stones (quivered)
 g - 9 javelins
 D - 2 throwing nets
 F - 6 bolts
 K - 23 arrows
Armour
 b - a +0 robe (worn)
Jewellery
 i - a ring of resist corrosion
 j - a ring of poison resistance (left claw)
 o - a ring of willpower
 M - a ring of protection from cold
 N - a +4 ring of evasion (right claw)
Wands
 h - a wand of digging (2)
 u - a wand of iceblast (5)
 y - a wand of mindburst (12)
 z - a wand of paralysis (5)
Scrolls
 f - a scroll of blinking
 m - 2 scrolls of enchant armour
 q - a scroll of amnesia
 r - 3 scrolls of identify
 t - 2 scrolls of magic mapping
 v - 2 scrolls of fear {unknown}
 w - 3 scrolls of vulnerability {unknown}
 H - a scroll of holy word {unknown}
 I - a scroll of enchant weapon
 J - a scroll of teleportation {unknown}
Potions
 a - 2 potions of haste {unknown}
 c - 3 potions of mutation {unknown}
 e - 2 potions of cancellation {unknown}
 k - 2 potions of attraction {unknown}
 l - a potion of invisibility {unknown}
 n - 2 potions of heal wounds {unknown}
 p - 2 potions of lignification {unknown}
 x - 3 potions of degeneration {unknown}
 A - a potion of curing
 B - a potion of experience {unknown}


   Skills:
 + Level 5.9 Fighting
 + Level 2.5 Long Blades
 + Level 8.9 Maces & Flails
 + Level 1.0 Throwing
 + Level 5.5 Dodging
 + Level 3.5 Stealth


You had 8 spell levels left.
You didn't know any spells.
Your spell library contained the following spells:

 Spells                   Type           Power      Damage    Failure   Level
 Animate Skeleton         Necr           0%         N/A       45%         1
 Apportation              Tloc           0%         N/A       45%         1
 Summon Small Mammal      Summ           0%         N/A       45%         1
 Blink                    Tloc           0%         N/A       58%         2
 Call Canine Familiar     Summ           0%         N/A       83%         3
 Portal Projectile        Hex/Tloc       0%         N/A       83%         3
 Summon Guardian Golem    Hex/Summ       0%         N/A       83%         3
 Leda's Liquefaction      Hex/Erth       0%         N/A       99%         4
 Manifold Assault         Tloc           0%         N/A       100%        5
 Storm Form               Tmut/Air       0%         N/A       100%        7


Dungeon Overview and Level Annotations

Branches:
Dungeon (7/15)             Temple (1/1) D:4         Ossuary (visited)

Altars:
Ashenzari
Cheibriados
Dithmenos
Elyvilon
Fedhas
Hepliaklqana
Kikubaaqudgha
Makhleb
Nemelex Xobeh
Okawaru
Qazlal
Ru
Sif Muna
Trog
Uskayaw
Vehumet
Wu Jian
Xom
Yredelemnul
Zin
The Shining One

Shops:
D:6 (**


Innate Abilities, Weirdness & Mutations

Your life essence is reduced to manifest your ancestor. (-10% HP)
You are too large for most types of armour.
You have claws for hands.
Your natural rate of healing is unusually fast.
You are covered in fur. (AC +1)
You have tough skin. (AC +1)


Message History

The kobold demonologist casts a spell.
Tenoch closely misses something.
The yak gores you.
You hit the kobold demonologist.
You kill the kobold demonologist!
The rust devil disappears in a puff of smoke!
The shadow imp disappears in a puff of smoke!
The ufetubus disappears in a puff of smoke!
The smoke demon disappears in a puff of smoke!
The white imp disappears in a puff of smoke!
The crimson imp disappears in a puff of smoke!
The shadow imp disappears in a puff of smoke!
You hear some strange, mumbled words.
A puff of flame appears from out of thin air!
The puff of flame hits you but does no damage.
The slime creature hits you. The necrophage barely misses you.
The yak gores you!
Your life force feels restored.
You closely miss the necrophage. Something hits you.
The slime creature hits you!
* * * LOW HITPOINT WARNING * * *
The water moccasin zombie bites you but does no damage.
The necrophage hits you but does no damage.
Tenoch hits the necrophage with a +0 quarterstaff!
The yak gores you but does no damage.
You hit the necrophage.
The necrophage is severely damaged.
Something hits you but does no damage.
The water moccasin zombie closely misses you.
The slime creature completely misses you.
The necrophage hits you but does no damage.
The steam dragon barely misses you. The steam dragon closely misses you.
The yak gores you!
* * * LOW HITPOINT WARNING * * *
You closely miss the necrophage.
The necrophage is severely damaged.
Tenoch is no longer moving slowly.
Something hits you but does no damage.
The water moccasin zombie barely misses you.
The slime creature hits you!
You die...

..#..[....................#,,* *
..#.####.......#####.######,,* *
...............#.........#*,,* *
..#.##...###...#####.#####,,,* *
..#..##....#..####.....#*,,,,* *
..##.....#...###.....###,,,,*****
...##..###†.###..R..##,,,,,,,,,**
....##.....###.#n{##.#*,,,,*,,,,*
#....###.####.*#@Z.##.#*,,,,,,,,*
##....####,*.,#JYD..##.#,,**,,,,*
###...# *,*,*#=§§§##,.#,,**,*,**
......# *,,,,#[=.##,,,.,,**,*,,,
......# **,*,*#[:..**,,*.,**,****
...##.#**,,*,,#|....**,*,,,*,**,,
...#*..#*,,**,##...#*,**,,,*,**,*
####*#.#*,,,**,#..##,**,,,,*,**,*
*.#*,*,,**,,,,,**,,,,,*,,,,,


You could see the friendly Tenoch the battlemage, a slime creature (ally
target), a yak, a steam dragon, a necrophage and a water moccasin zombie.

Vanquished Creatures
  A kobold demonologist (D:7)
  Sigmund (D:2)
  Edmund (D:6)
  A water moccasin (D:6)
  2 ice beasts
  An orc warrior (D:6)
  A sky beast (D:7)
  A necrophage (D:4)
  An ogre (D:6)
  A scorpion (D:7)
  A water moccasin zombie (D:5)
  3 killer bees (D:7)
  A bullfrog skeleton (D:4)
  A gnoll shaman (D:7)
  2 orc priests (D:6)
  2 iguanas (D:4)
  4 mummies (Ossuary)
  5 gnolls
  6 adders
  3 worms
  3 dart slugs
  6 orcs
  3 endoplasms
  2 giant cockroaches
  5 goblins
  7 hobgoblins
  4 jackals
  3 quokkas (D:2)
  11 ball pythons
  6 bats
  6 frilled lizards
  A hobgoblin zombie (Ossuary)
  4 kobolds
  A kobold zombie (Ossuary)
  An orc zombie (Ossuary)
  8 rats
110 creatures vanquished.

Vanquished Creatures (collateral kills)
  An ugly thing (D:7)
  The ghost of Soldner the Covered, a novice GrFi (D:5)
  Grinder (D:5)
  A wraith (D:7)
  A vampire mosquito (D:7)
  2 ice beasts
  A bullfrog (D:7)
  2 scorpions
  A wyvern skeleton (D:5)
  A water moccasin skeleton (D:7)
  A killer bee (D:7)
  A bullfrog zombie (D:7)
  2 hounds (D:4)
  A gnoll shaman (D:5)
  An iguana (D:5)
  An orc wizard (D:7)
  A killer bee zombie (D:5)
  4 mummies (Ossuary)
  11 gnolls
  An adder (D:6)
  3 ufetubi
  3 orcs
  An endoplasm (D:4)
  A hobgoblin (D:4)
  2 gnoll zombies (Ossuary)
  3 hobgoblin zombies (Ossuary)
49 creatures vanquished.

Vanquished Creatures (others)
  A battlemage (D:6)
1 creature vanquished.

Grand Total: 160 creatures vanquished

Notes
Turn   | Place    | Note
-------+----------+-------------------------------------------
     0 | D:1      | issech the Troll Monk began the quest for the Orb.
     0 | D:1      | Reached XP level 1. HP: 22/22 MP: 0/0
   163 | D:1      | Reached skill level 3 in Maces & Flails
   205 | D:1      | Reached XP level 2. HP: 26/29 MP: 1/1
  1070 | D:2      | Reached XP level 3. HP: 36/36 MP: 2/2
  1192 | D:2      | Found a faded altar of an unknown god.
  1515 | D:2      | Reached XP level 4. HP: 44/44 MP: 3/3
  1597 | D:2      | Noticed Sigmund
  1850 | D:2      | Killed Sigmund
  1851 | D:2      | Reached XP level 5. HP: 44/53 MP: 4/4
  2945 | D:4      | Reached XP level 6. HP: 53/61 MP: 5/5
  3142 | D:4      | Found a staircase to the Ecumenical Temple.
  3148 | Temple   | Entered the Ecumenical Temple
  3242 | Temple   | Became a worshipper of Hepliaklqana the Forgotten
  3242 | Temple   | Reached * piety under Hepliaklqana
  3242 | Temple   | Reached ** piety under Hepliaklqana
  3243 | Temple   | Remembered your ancestor Tenoch as a battlemage
  3717 | D:4      | Reached skill level 4 in Maces & Flails
  4053 | D:4      | Reached XP level 7. HP: 48/60 MP: 6/6
  4217 | D:5      | Entered Level 5 of the Dungeon
  4318 | D:5      | Reached skill level 5 in Maces & Flails
  4398 | D:5      | Found a runed translucent door.
  4399 | D:5      | Noticed Soldner's ghost (novice GrFi)
  4465 | D:5      | Noticed Grinder
  4473 | D:5      | Paralysed by Grinder for 2 turns
  4480 | D:5      | Killed Grinder
  4590 | D:5      | Reached XP level 8. HP: 67/70 MP: 7/7
  5028 | D:5      | Reached skill level 6 in Maces & Flails
  5070 | D:5      | Reached *** piety under Hepliaklqana
  5193 | D:5      | Killed Soldner's ghost
  5316 | D:6      | Found Ilu Qon's Specific Store.
  5322 | D:6      | Found Noxar's General Store.
  5584 | D:6      | Found Vycsemur's Antique Weapon Emporium.
  5665 | D:6      | Reached skill level 7 in Maces & Flails
  6010 | D:6      | Noticed Edmund
  6023 | D:6      | Killed Edmund
  6024 | D:6      | Reached skill level 5 in Fighting
  6024 | D:6      | Reached XP level 9. HP: 71/79 MP: 8/8
  6591 | D:7      | Found a sand-covered staircase.
  6598 | Ossuary  | Entered an ossuary
  6603 | Ossuary  | Reached **** piety under Hepliaklqana
  7411 | D:7      | Reached skill level 8 in Maces & Flails
  7415 | D:7      | Reached skill level 5 in Dodging
  7460 | D:7      | Noticed a green ugly thing
  7479 | D:7      | Killed a green ugly thing
  7480 | D:7      | Reached skill level 1 in Throwing
  7566 | D:7      | Noticed a kobold demonologist
  7573 | D:7      | Noticed a smoke demon
  7578 | D:7      | Noticed a rust devil
  7579 | D:7      | Killed a kobold demonologist
  7582 | D:7      | Slain by a slime creature

Illustrated notes

Levels and vault maps discovered:
D:1:      scummos_arrival_checkerplants, layout_basic
D:2:      layout_loops_ring, hellmonk_ecumenical_altar_lost_god,
          minmay_rat_gold_closets, uniq_sigmund
D:3:      layout_basic
D:4:      layout_basic, minmay_temple_entry_enclosed_plants, grunt_ministairs_12
D:5:      layout_gridville, ebering_ghost_reflecting_pool, grunt_ministairs_6,
          chequers_serial_rivers_micro_e, uniq_grinder
D:6:      layout_layer_cave, serial_shops, nicolae_shop_advertising_works
          [nicolae_subvault_shop_adworks], minmay_misc_feat_columns,
          nicolae_specific_store, uniq_edmund
D:7:      minmay_the_grid_octo_triangle [minmay_the_grid_octo_teeth,
          minmay_the_grid_octo_prize_ultimate_mussel_roller,
          minmay_the_grid_octo_tetromino_candy], layout_basic, enter_ossuary_3,
          uniq_joseph
Temple:   minmay_crystal_snake_temple

Skill      XL: |  1  2  3  4  5  6  7  8  9 |
---------------+----------------------------+-----
Maces & Flails | 3 4 5 7 8 |  8.9
Fighting       | 3 5 |  5.9
Long Blades    | 2 |  2.5
Dodging        | 3 4 5 |  5.5
Stealth        | 2 3 |  3.5
Throwing       | 1 |  1.0

Action                   |  1- 3 |  4- 6 |  7- 9 || total
-------------------------+-------+-------+-------++-------
Melee: Mace              |    67 |       |       ||    67
       Falchion          |    73 |    57 |       ||   130
       Flail             |       |    72 |   158 ||   230
       Punch             |       |       |     1 ||     1
Throw: Stone             |       |     9 |     6 ||    15
Invok: Ancestor Life: Ba |       |     1 |       ||     1
  Use: Scroll            |       |       |     5 ||     5
 Stab: Sleeping          |     6 |     2 |     1 ||     9
Armor: Robe              |    68 |    45 |    71 ||   184
Dodge: Dodged            |    94 |    67 |   109 ||   270
